 Dungeon Crawl Stone Soup version 0.17.2-1-ge4368a0 (webtiles) character file.

104 Goblin1989 the Skirmisher (level 4, 0/42 HPs)
             Began as a Minotaur Hunter on Sept 10, 2016.
             Killed from afar by Natasha (9 damage)
             ... with a wand of flame
             ... on level 2 of the Dungeon.
             The game lasted 00:03:48 (1486 turns).

Goblin1989 the Skirmisher (Minotaur Hunter)         Turns: 1486, Time: 00:03:49

Health: 0/42       AC: 11    Str: 16    XL:     4   Next: 52%
Magic:  3/3        EV:  7    Int:  8    God:
Gold:   116        SH:  0    Dex: 12    Spells: 0 memorised, 3 levels left

rFire  . . .     SeeInvis .     b - +0 war axe
rCold  . . .     Clarity  .     h - +0 chain mail
rNeg   . . .     SustAt   .     (no shield)
rPois  .         Gourm    .     (helmet restricted)
rElec  .         Spirit   .     (no cloak)
rCorr  .         Warding  .     n - +2 pair of gloves
rMut   .         Stasis   .     (no boots)
MR     .....                    (no amulet)
Stlth  ..........               (no ring)
                                (no ring)

@: not resistant to hostile enchantments, extremely unstealthy
A: retaliatory headbutt, horns 2
a: no special abilities


You were on level 2 of the Dungeon.
You were hungry.

You visited 1 branch of the dungeon, and saw 2 of its levels.

You collected 116 gold pieces.

Inventory:

Hand Weapons
 a - a +1 hand crossbow
 b - a +0 war axe (weapon)
Missiles
 d - 20 bolts
Armour
 h - a +0 chain mail (worn)
 n - a +2 pair of gloves (worn)
Scrolls
 f - 2 scrolls of recharging {unknown}
 l - a scroll of fear {unknown}
 p - a scroll of identify {unknown}
Potions
 c - a potion of heal wounds {unknown}
 i - 5 potions of might {unknown}
 j - a potion of invisibility {unknown}
Comestibles
 e - 2 bread rations
 g - 2 meat rations
 k - 2 slices of pizza
 o - 5 fruits


   Skills:
 - Level 5.4 Fighting
 + Level 1.7 Axes
 - Level 4.3 Crossbows
 - Level 2.1 Dodging
 - Level 0.7 Stealth


You had 3 spell levels left.
You didn't know any spells.

Dungeon Overview and Level Annotations

Branches:
Dungeon (2/15)

Altars:
Dithmenos

Annotations:
D:2 Natasha


Innate Abilities, Weirdness & Mutations

You reflexively headbutt those who attack you in melee.
You have a pair of horns on your head.


Message History

Natasha zaps a wand.
The puff of flame hits you!
It is a wand of flame.
You take 10 damage, and have 18/42 hp.
MASSIVE DAMAGE!!
Your chain mail prevents you from hitting Natasha.
Your headbutt misses Natasha.
Natasha mewls in sadness.
Natasha zaps a wand.
The puff of flame misses you. Natasha casts a spell at you.
The magic dart hits you!
* * * LOW HITPOINT WARNING * * *
You take 9 damage, and have 9/42 hp.
MASSIVE DAMAGE!!
You barely miss Natasha. Natasha claws you but does no damage.
You barely miss Natasha. Natasha barely misses you. You furiously retaliate!
You headbutt Natasha.
Natasha zaps a wand.
The puff of flame hits you!
You die...

# .# #. ######.# ###.###
#######......# ...#..
.............#.# ##.#.#
####........... #.....
#.....#h###### #..... #
#.##..#@# #..... #.#.##..#.##
#.....
#.#.##..#..###########.#..
#####....†..#.................
.....##.###.#..####>..........
##.#.#......#..# #.#......#.#
##.#.#...##.#..# #.#.##......
#...........#..# #.#.##.#.#.#
####.#.######..# #.#.##.#.#.#


You could see Natasha.

Vanquished Creatures
  Natasha (D:2)
  5 adders (D:2)
  An ooze (D:2)
  2 giant cockroaches
  2 goblins (D:1)
  7 hobgoblins
  4 jackals (D:2)
  6 bats
  A giant gecko (D:1)
  A giant newt (D:1)
  6 rats
36 creatures vanquished.

Notes
Turn   | Place    | Note
--------------------------------------------------------------
     0 | D:1      | Goblin1989 the Minotaur Hunter began the quest for the Orb.
     0 | D:1      | Reached XP level 1. HP: 18/18 MP: 0/0
   309 | D:1      | Reached XP level 2. HP: 26/26 MP: 1/1
   798 | D:2      | Reached XP level 3. HP: 25/33 MP: 2/2
  1004 | D:2      | Found a shadowy altar of Dithmenos.
  1129 | D:2      | Reached skill level 5 in Fighting
  1262 | D:2      | Reached XP level 4. HP: 35/42 MP: 3/3
  1461 | D:2      | Noticed Natasha
  1467 | D:2      | Killed Natasha
  1467 | D:2      | Reached skill level 1 in Axes
  1482 | D:2      | Noticed Natasha
  1486 | D:2      | Killed from afar by Natasha

Action                   |  1- 3 |  4- 6 || total
-------------------------+-------+-------++-------
Melee: Short sword       |    74 |     8 ||    82
       War axe           |       |    13 ||    13
  Eat: Chunk             |     1 |       ||     1
